cohdb
Replays
Latest Replays
All Replays
Popular Replays
Top Player Replays
Match Explorer
How It Works
Community
CoH3 Stats
Reddit
Sign in to upload your games and track your stats! →
Sign in with Steam
Match 44521507
Unlisted
Match 44521507
Overview
Messages
Build Orders
End
Vickers Machine Gun Team
Selects Air and Sea Battlegroup
Construct Section Command Post
Dingo Light Scout Car
Infantry Section
Selects Supply Surplus
Infantry Section
Construct Platoon Command Post
Grenade Package
Selects Commando Section Paradrop
Humber Armored Car
Selects UNKNOWN (223837)
Commando Section Paradrop
Construct Company Command Post
Centaur IV Medium Tank
Selects M1 Pack Howitzer Paradrop
Construct Field Infirmary
Unlock Towed 17-pounder Anti-tank Guns
17-pounder Anti-tank Gun Team
Infantry Training
Selects Naval Bombardment
Centaur IV Medium Tank
Centaur IV Medium Tank
robwarrior
TheProfessor
0
0
Comments
sign in to comment!
No comments posted yet!